Workbook

Sheet Security analysis
A1: Role | B1: Sub role | C1: Duty | D1: Privilege | E1: Resource type | F1: Context \ Resource | G1: Read | H1: Update | I1: Create | J1: Delete | K1: Correct | L1: Invoke | M1: Access level | N1: Key | O1: Finance | P1: HR | Q1: SCM | R1: Unique
A2: Webinar 2026-05-26 | C2: Webinar 2026-05-26 | D2: Maintain cost estimates | E2: Menu item action | F2: ITMCOSTCALCESTIMATE | G2: Grant | H2: Grant | I2: Grant | J2: Grant | K2: Grant | L2: Grant | M2: =IF(OR(Table1[[#This Row],[Update]]="Grant",Table1[[#This Row],[Create]]="Grant",Table1[[#This Row],[Delete]]="Grant",Table1[[#This Row],[Correct]]="Grant",Table1[[#This Row],[Invoke]]="Grant"),"Write",IF(Table1[[#This Row],[Read]]="Grant","Read","None")) -> Write | N2: =Table1[[#This Row],[Resource type]]&"|"&Table1[[#This Row],[Context \ Resource]]&"|"&Table1[[#This Row],[Access level]] -> Menu item action|ITMCOSTCALCESTIMATE|Write | O2: =IFERROR(IF(VLOOKUP(Table1[[#This Row],[Key]],Finance!H:H,1,0)<>0,1,0),0) -> 0 | P2: =IFERROR(IF(VLOOKUP(Table1[[#This Row],[Key]],HR!H:H,1,0)<>0,1,0),0) -> 0 | Q2: =IFERROR(IF(VLOOKUP(Table1[[#This Row],[Key]],SCM!H:H,1,0)<>0,1,0),0) -> 1 | R2: =IF(Table1[[#This Row],[Finance]]+Table1[[#This Row],[HR]]+Table1[[#This Row],[SCM]]=1,"Yes","No") -> Yes
A3: Webinar 2026-05-26 | C3: Webinar 2026-05-26 | D3: Maintain cost estimates | E3: Menu item action | F3: ITMCOSTESTIMATEFROMORDER_PURCH | G3: Grant | H3: Grant | I3: Grant | J3: Grant | K3: Grant | L3: Grant | M3: =IF(OR(Table1[[#This Row],[Update]]="Grant",Table1[[#This Row],[Create]]="Grant",Table1[[#This Row],[Delete]]="Grant",Table1[[#This Row],[Correct]]="Grant",Table1[[#This Row],[Invoke]]="Grant"),"Write",IF(Table1[[#This Row],[Read]]="Grant","Read","None")) -> Write | N3: =Table1[[#This Row],[Resource type]]&"|"&Table1[[#This Row],[Context \ Resource]]&"|"&Table1[[#This Row],[Access level]] -> Menu item action|ITMCOSTESTIMATEFROMORDER_PURCH|Write | O3: =IFERROR(IF(VLOOKUP(Table1[[#This Row],[Key]],Finance!H:H,1,0)<>0,1,0),0) -> 1 | P3: =IFERROR(IF(VLOOKUP(Table1[[#This Row],[Key]],HR!H:H,1,0)<>0,1,0),0) -> 0 | Q3: =IFERROR(IF(VLOOKUP(Table1[[#This Row],[Key]],SCM!H:H,1,0)<>0,1,0),0) -> 1 | R3: =IF(Table1[[#This Row],[Finance]]+Table1[[#This Row],[HR]]+Table1[[#This Row],[SCM]]=1,"Yes","No") -> No
A4: Webinar 2026-05-26 | C4: Webinar 2026-05-26 | D4: Maintain cost estimates | E4: Menu item action | F4: ITMCOSTESTIMATEFROMORDER_PURCHRFQ | G4: Grant | H4: Grant | I4: Grant | J4: Grant | K4: Grant | L4: Grant | M4: =IF(OR(Table1[[#This Row],[Update]]="Grant",Table1[[#This Row],[Create]]="Grant",Table1[[#This Row],[Delete]]="Grant",Table1[[#This Row],[Correct]]="Grant",Table1[[#This Row],[Invoke]]="Grant"),"Write",IF(Table1[[#This Row],[Read]]="Grant","Read","None")) -> Write | N4: =Table1[[#This Row],[Resource type]]&"|"&Table1[[#This Row],[Context \ Resource]]&"|"&Table1[[#This Row],[Access level]] -> Menu item action|ITMCOSTESTIMATEFROMORDER_PURCHRFQ|Write | O4: =IFERROR(IF(VLOOKUP(Table1[[#This Row],[Key]],Finance!H:H,1,0)<>0,1,0),0) -> 1 | P4: =IFERROR(IF(VLOOKUP(Table1[[#This Row],[Key]],HR!H:H,1,0)<>0,1,0),0) -> 0 | Q4: =IFERROR(IF(VLOOKUP(Table1[[#This Row],[Key]],SCM!H:H,1,0)<>0,1,0),0) -> 1 | R4: =IF(Table1[[#This Row],[Finance]]+Table1[[#This Row],[HR]]+Table1[[#This Row],[SCM]]=1,"Yes","No") -> No
A5: Webinar 2026-05-26 | C5: Webinar 2026-05-26 | D5: Maintain cost estimates | E5: Menu item action | F5: ITMCOSTESTIMATEFROMORDER_SALES | G5: Grant | H5: Grant | I5: Grant | J5: Grant | K5: Grant | L5: Grant | M5: =IF(OR(Table1[[#This Row],[Update]]="Grant",Table1[[#This Row],[Create]]="Grant",Table1[[#This Row],[Delete]]="Grant",Table1[[#This Row],[Correct]]="Grant",Table1[[#This Row],[Invoke]]="Grant"),"Write",IF(Table1[[#This Row],[Read]]="Grant","Read","None")) -> Write | N5: =Table1[[#This Row],[Resource type]]&"|"&Table1[[#This Row],[Context \ Resource]]&"|"&Table1[[#This Row],[Access level]] -> Menu item action|ITMCOSTESTIMATEFROMORDER_SALES|Write | O5: =IFERROR(IF(VLOOKUP(Table1[[#This Row],[Key]],Finance!H:H,1,0)<>0,1,0),0) -> 1 | P5: =IFERROR(IF(VLOOKUP(Table1[[#This Row],[Key]],HR!H:H,1,0)<>0,1,0),0) -> 0 | Q5: =IFERROR(IF(VLOOKUP(Table1[[#This Row],[Key]],SCM!H:H,1,0)<>0,1,0),0) -> 1 | R5: =IF(Table1[[#This Row],[Finance]]+Table1[[#This Row],[HR]]+Table1[[#This Row],[SCM]]=1,"Yes","No") -> No
A6: Webinar 2026-05-26 | C6: Webinar 2026-05-26 | D6: Maintain cost estimates | E6: Menu item action | F6: ITMCOSTESTIMATEFROMORDER_SALESQUOTE | G6: Grant | H6: Grant | I6: Grant | J6: Grant | K6: Grant | L6: Grant | M6: =IF(OR(Table1[[#This Row],[Update]]="Grant",Table1[[#This Row],[Create]]="Grant",Table1[[#This Row],[Delete]]="Grant",Table1[[#This Row],[Correct]]="Grant",Table1[[#This Row],[Invoke]]="Grant"),"Write",IF(Table1[[#This Row],[Read]]="Grant","Read","None")) -> Write | N6: =Table1[[#This Row],[Resource type]]&"|"&Table1[[#This Row],[Context \ Resource]]&"|"&Table1[[#This Row],[Access level]] -> Menu item action|ITMCOSTESTIMATEFROMORDER_SALESQUOTE|Write | O6: =IFERROR(IF(VLOOKUP(Table1[[#This Row],[Key]],Finance!H:H,1,0)<>0,1,0),0) -> 1 | P6: =IFERROR(IF(VLOOKUP(Table1[[#This Row],[Key]],HR!H:H,1,0)<>0,1,0),0) -> 0 | Q6: =IFERROR(IF(VLOOKUP(Table1[[#This Row],[Key]],SCM!H:H,1,0)<>0,1,0),0) -> 1 | R6: =IF(Table1[[#This Row],[Finance]]+Table1[[#This Row],[HR]]+Table1[[#This Row],[SCM]]=1,"Yes","No") -> No
A7: Webinar 2026-05-26 | C7: Webinar 2026-05-26 | D7: Maintain cost estimates | E7: Menu item action | F7: ITMCOSTESTIMATELOCKCONTROLLER | G7: Grant | H7: Grant | I7: Grant | J7: Grant | K7: Grant | L7: Grant | M7: =IF(OR(Table1[[#This Row],[Update]]="Grant",Table1[[#This Row],[Create]]="Grant",Table1[[#This Row],[Delete]]="Grant",Table1[[#This Row],[Correct]]="Grant",Table1[[#This Row],[Invoke]]="Grant"),"Write",IF(Table1[[#This Row],[Read]]="Grant","Read","None")) -> Write | N7: =Table1[[#This Row],[Resource type]]&"|"&Table1[[#This Row],[Context \ Resource]]&"|"&Table1[[#This Row],[Access level]] -> Menu item action|ITMCOSTESTIMATELOCKCONTROLLER|Write | O7: =IFERROR(IF(VLOOKUP(Table1[[#This Row],[Key]],Finance!H:H,1,0)<>0,1,0),0) -> 1 | P7: =IFERROR(IF(VLOOKUP(Table1[[#This Row],[Key]],HR!H:H,1,0)<>0,1,0),0) -> 0 | Q7: =IFERROR(IF(VLOOKUP(Table1[[#This Row],[Key]],SCM!H:H,1,0)<>0,1,0),0) -> 1 | R7: =IF(Table1[[#This Row],[Finance]]+Table1[[#This Row],[HR]]+Table1[[#This Row],[SCM]]=1,"Yes","No") -> No
A8: Webinar 2026-05-26 | C8: Webinar 2026-05-26 | D8: Maintain cost estimates | E8: Menu item action | F8: ITMCOSTESTIMATERECALCCONTROLLER | G8: Grant | H8: Grant | I8: Grant | J8: Grant | K8: Grant | L8: Grant | M8: =IF(OR(Table1[[#This Row],[Update]]="Grant",Table1[[#This Row],[Create]]="Grant",Table1[[#This Row],[Delete]]="Grant",Table1[[#This Row],[Correct]]="Grant",Table1[[#This Row],[Invoke]]="Grant"),"Write",IF(Table1[[#This Row],[Read]]="Grant","Read","None")) -> Write | N8: =Table1[[#This Row],[Resource type]]&"|"&Table1[[#This Row],[Context \ Resource]]&"|"&Table1[[#This Row],[Access level]] -> Menu item action|ITMCOSTESTIMATERECALCCONTROLLER|Write | O8: =IFERROR(IF(VLOOKUP(Table1[[#This Row],[Key]],Finance!H:H,1,0)<>0,1,0),0) -> 1 | P8: =IFERROR(IF(VLOOKUP(Table1[[#This Row],[Key]],HR!H:H,1,0)<>0,1,0),0) -> 0 | Q8: =IFERROR(IF(VLOOKUP(Table1[[#This Row],[Key]],SCM!H:H,1,0)<>0,1,0),0) -> 1 | R8: =IF(Table1[[#This Row],[Finance]]+Table1[[#This Row],[HR]]+Table1[[#This Row],[SCM]]=1,"Yes","No") -> No
A9: Webinar 2026-05-26 | C9: Webinar 2026-05-26 | D9: Maintain cost estimates | E9: Menu item action | F9: ITMUPDATEITEMCOSTESTIMATE | G9: Grant | H9: Grant | I9: Grant | J9: Grant | K9: Grant | L9: Grant | M9: =IF(OR(Table1[[#This Row],[Update]]="Grant",Table1[[#This Row],[Create]]="Grant",Table1[[#This Row],[Delete]]="Grant",Table1[[#This Row],[Correct]]="Grant",Table1[[#This Row],[Invoke]]="Grant"),"Write",IF(Table1[[#This Row],[Read]]="Grant","Read","None")) -> Write | N9: =Table1[[#This Row],[Resource type]]&"|"&Table1[[#This Row],[Context \ Resource]]&"|"&Table1[[#This Row],[Access level]] -> Menu item action|ITMUPDATEITEMCOSTESTIMATE|Write | O9: =IFERROR(IF(VLOOKUP(Table1[[#This Row],[Key]],Finance!H:H,1,0)<>0,1,0),0) -> 0 | P9: =IFERROR(IF(VLOOKUP(Table1[[#This Row],[Key]],HR!H:H,1,0)<>0,1,0),0) -> 0 | Q9: =IFERROR(IF(VLOOKUP(Table1[[#This Row],[Key]],SCM!H:H,1,0)<>0,1,0),0) -> 1 | R9: =IF(Table1[[#This Row],[Finance]]+Table1[[#This Row],[HR]]+Table1[[#This Row],[SCM]]=1,"Yes","No") -> Yes
A10: Webinar 2026-05-26 | C10: Webinar 2026-05-26 | D10: Maintain cost estimates | E10: Menu item action | F10: ITMUPDATEITEMCOSTFROMESTIMATE | G10: Grant | H10: Grant | I10: Grant | J10: Grant | K10: Grant | L10: Grant | M10: =IF(OR(Table1[[#This Row],[Update]]="Grant",Table1[[#This Row],[Create]]="Grant",Table1[[#This Row],[Delete]]="Grant",Table1[[#This Row],[Correct]]="Grant",Table1[[#This Row],[Invoke]]="Grant"),"Write",IF(Table1[[#This Row],[Read]]="Grant","Read","None")) -> Write | N10: =Table1[[#This Row],[Resource type]]&"|"&Table1[[#This Row],[Context \ Resource]]&"|"&Table1[[#This Row],[Access level]] -> Menu item action|ITMUPDATEITEMCOSTFROMESTIMATE|Write | O10: =IFERROR(IF(VLOOKUP(Table1[[#This Row],[Key]],Finance!H:H,1,0)<>0,1,0),0) -> 0 | P10: =IFERROR(IF(VLOOKUP(Table1[[#This Row],[Key]],HR!H:H,1,0)<>0,1,0),0) -> 0 | Q10: =IFERROR(IF(VLOOKUP(Table1[[#This Row],[Key]],SCM!H:H,1,0)<>0,1,0),0) -> 1 | R10: =IF(Table1[[#This Row],[Finance]]+Table1[[#This Row],[HR]]+Table1[[#This Row],[SCM]]=1,"Yes","No") -> Yes
A11: Webinar 2026-05-26 | C11: Webinar 2026-05-26 | D11: Maintain costing parameters | E11: Menu item display | F11: COSTINVENTPARAMETERS | G11: Grant | H11: Grant | I11: Grant | J11: Grant | K11: Grant | L11: Unset | M11: =IF(OR(Table1[[#This Row],[Update]]="Grant",Table1[[#This Row],[Create]]="Grant",Table1[[#This Row],[Delete]]="Grant",Table1[[#This Row],[Correct]]="Grant",Table1[[#This Row],[Invoke]]="Grant"),"Write",IF(Table1[[#This Row],[Read]]="Grant","Read","None")) -> Write | N11: =Table1[[#This Row],[Resource type]]&"|"&Table1[[#This Row],[Context \ Resource]]&"|"&Table1[[#This Row],[Access level]] -> Menu item display|COSTINVENTPARAMETERS|Write | O11: =IFERROR(IF(VLOOKUP(Table1[[#This Row],[Key]],Finance!H:H,1,0)<>0,1,0),0) -> 1 | P11: =IFERROR(IF(VLOOKUP(Table1[[#This Row],[Key]],HR!H:H,1,0)<>0,1,0),0) -> 1 | Q11: =IFERROR(IF(VLOOKUP(Table1[[#This Row],[Key]],SCM!H:H,1,0)<>0,1,0),0) -> 1 | R11: =IF(Table1[[#This Row],[Finance]]+Table1[[#This Row],[HR]]+Table1[[#This Row],[SCM]]=1,"Yes","No") -> No
A12: Webinar 2026-05-26 | C12: Webinar 2026-05-26 | D12: Maintain costing parameters | E12: Menu item display | F12: COSTPRODPARAMETERS | G12: Grant | H12: Grant | I12: Grant | J12: Grant | K12: Grant | L12: Unset | M12: =IF(OR(Table1[[#This Row],[Update]]="Grant",Table1[[#This Row],[Create]]="Grant",Table1[[#This Row],[Delete]]="Grant",Table1[[#This Row],[Correct]]="Grant",Table1[[#This Row],[Invoke]]="Grant"),"Write",IF(Table1[[#This Row],[Read]]="Grant","Read","None")) -> Write | N12: =Table1[[#This Row],[Resource type]]&"|"&Table1[[#This Row],[Context \ Resource]]&"|"&Table1[[#This Row],[Access level]] -> Menu item display|COSTPRODPARAMETERS|Write | O12: =IFERROR(IF(VLOOKUP(Table1[[#This Row],[Key]],Finance!H:H,1,0)<>0,1,0),0) -> 1 | P12: =IFERROR(IF(VLOOKUP(Table1[[#This Row],[Key]],HR!H:H,1,0)<>0,1,0),0) -> 0 | Q12: =IFERROR(IF(VLOOKUP(Table1[[#This Row],[Key]],SCM!H:H,1,0)<>0,1,0),0) -> 1 | R12: =IF(Table1[[#This Row],[Finance]]+Table1[[#This Row],[HR]]+Table1[[#This Row],[SCM]]=1,"Yes","No") -> No
A13: Webinar 2026-05-26 | C13: Webinar 2026-05-26 | D13: Maintain costing parameters | E13: Menu item display | F13: COSTPRODPARAMETERSSITE | G13: Grant | H13: Grant | I13: Grant | J13: Grant | K13: Grant | L13: Unset | M13: =IF(OR(Table1[[#This Row],[Update]]="Grant",Table1[[#This Row],[Create]]="Grant",Table1[[#This Row],[Delete]]="Grant",Table1[[#This Row],[Correct]]="Grant",Table1[[#This Row],[Invoke]]="Grant"),"Write",IF(Table1[[#This Row],[Read]]="Grant","Read","None")) -> Write | N13: =Table1[[#This Row],[Resource type]]&"|"&Table1[[#This Row],[Context \ Resource]]&"|"&Table1[[#This Row],[Access level]] -> Menu item display|COSTPRODPARAMETERSSITE|Write | O13: =IFERROR(IF(VLOOKUP(Table1[[#This Row],[Key]],Finance!H:H,1,0)<>0,1,0),0) -> 1 | P13: =IFERROR(IF(VLOOKUP(Table1[[#This Row],[Key]],HR!H:H,1,0)<>0,1,0),0) -> 0 | Q13: =IFERROR(IF(VLOOKUP(Table1[[#This Row],[Key]],SCM!H:H,1,0)<>0,1,0),0) -> 1 | R13: =IF(Table1[[#This Row],[Finance]]+Table1[[#This Row],[HR]]+Table1[[#This Row],[SCM]]=1,"Yes","No") -> No
... A28: Webinar 2026-05-26 | C28: Webinar 2026-05-26 | D28: Webinar 2026-05-26 Cost type | E28: Menu item display | F28: TRVCOSTTYPESTATISTICS | G28: Grant | H28: Grant | I28: Grant | J28: Grant | K28: Unset | L28: Unset | M28: =IF(OR(Table1[[#This Row],[Update]]="Grant",Table1[[#This Row],[Create]]="Grant",Table1[[#This Row],[Delete]]="Grant",Table1[[#This Row],[Correct]]="Grant",Table1[[#This Row],[Invoke]]="Grant"),"Write",IF(Table1[[#This Row],[Read]]="Grant","Read","None")) -> Write | N28: =Table1[[#This Row],[Resource type]]&"|"&Table1[[#This Row],[Context \ Resource]]&"|"&Table1[[#This Row],[Access level]] -> Menu item display|TRVCOSTTYPESTATISTICS|Write | O28: =IFERROR(IF(VLOOKUP(Table1[[#This Row],[Key]],Finance!H:H,1,0)<>0,1,0),0) -> 1 | P28: =IFERROR(IF(VLOOKUP(Table1[[#This Row],[Key]],HR!H:H,1,0)<>0,1,0),0) -> 1 | Q28: =IFERROR(IF(VLOOKUP(Table1[[#This Row],[Key]],SCM!H:H,1,0)<>0,1,0),0) -> 1 | R28: =IF(Table1[[#This Row],[Finance]]+Table1[[#This Row],[HR]]+Table1[[#This Row],[SCM]]=1,"Yes","No") -> No

Sheet Finance
A1: Securable type | B1: AOT Name | C1: AOT child name | D1: AccessLevel | E1: Entitled | F1: Not entitled | G1: Not required | H1: Key
A2: Menu item display | B2: COSTINVENTPARAMETERS | D2: Write | E2: Yes | F2: No | G2: No | H2: =AxTable1[[#This Row],[Securable type]]&"|"&AxTable1[[#This Row],[AOT Name]]&"|"&AxTable1[[#This Row],[AccessLevel]] -> Menu item display|COSTINVENTPARAMETERS|Write
A3: Menu item display | B3: COSTPRODPARAMETERS | D3: Write | E3: Yes | F3: No | G3: No | H3: =AxTable1[[#This Row],[Securable type]]&"|"&AxTable1[[#This Row],[AOT Name]]&"|"&AxTable1[[#This Row],[AccessLevel]] -> Menu item display|COSTPRODPARAMETERS|Write
A4: Menu item display | B4: COSTPRODPARAMETERSSITE | D4: Write | E4: Yes | F4: No | G4: No | H4: =AxTable1[[#This Row],[Securable type]]&"|"&AxTable1[[#This Row],[AOT Name]]&"|"&AxTable1[[#This Row],[AccessLevel]] -> Menu item display|COSTPRODPARAMETERSSITE|Write
A5: Menu item display | B5: COSTRECONCILIATIONPARAMETERS | D5: Write | E5: Yes | F5: No | G5: No | H5: =AxTable1[[#This Row],[Securable type]]&"|"&AxTable1[[#This Row],[AOT Name]]&"|"&AxTable1[[#This Row],[AccessLevel]] -> Menu item display|COSTRECONCILIATIONPARAMETERS|Write
A6: Menu item display | B6: ITMCOSTTEMPLATETABLE | D6: Write | E6: Yes | F6: No | G6: No | H6: =AxTable1[[#This Row],[Securable type]]&"|"&AxTable1[[#This Row],[AOT Name]]&"|"&AxTable1[[#This Row],[AccessLevel]] -> Menu item display|ITMCOSTTEMPLATETABLE|Write
A7: Menu item display | B7: ITMCOSTTYPEGROUP | D7: Write | E7: Yes | F7: No | G7: No | H7: =AxTable1[[#This Row],[Securable type]]&"|"&AxTable1[[#This Row],[AOT Name]]&"|"&AxTable1[[#This Row],[AccessLevel]] -> Menu item display|ITMCOSTTYPEGROUP|Write
A8: Menu item display | B8: ITMCOSTTYPEGROUP_INVENT | D8: Write | E8: Yes | F8: No | G8: No | H8: =AxTable1[[#This Row],[Securable type]]&"|"&AxTable1[[#This Row],[AOT Name]]&"|"&AxTable1[[#This Row],[AccessLevel]] -> Menu item display|ITMCOSTTYPEGROUP_INVENT|Write
A9: Menu item display | B9: ITMCOSTTYPEGROUP_VEND | D9: Write | E9: Yes | F9: No | G9: No | H9: =AxTable1[[#This Row],[Securable type]]&"|"&AxTable1[[#This Row],[AOT Name]]&"|"&AxTable1[[#This Row],[AccessLevel]] -> Menu item display|ITMCOSTTYPEGROUP_VEND|Write
A10: Menu item display | B10: ITMCOSTTYPETABLE | D10: Write | E10: Yes | F10: No | G10: No | H10: =AxTable1[[#This Row],[Securable type]]&"|"&AxTable1[[#This Row],[AOT Name]]&"|"&AxTable1[[#This Row],[AccessLevel]] -> Menu item display|ITMCOSTTYPETABLE|Write
A11: Menu item display | B11: RPAYCOSTTYPEUSE | D11: Write | E11: Yes | F11: No | G11: No | H11: =AxTable1[[#This Row],[Securable type]]&"|"&AxTable1[[#This Row],[AOT Name]]&"|"&AxTable1[[#This Row],[AccessLevel]] -> Menu item display|RPAYCOSTTYPEUSE|Write
A12: Menu item display | B12: TRVCOSTTYPE | D12: Write | E12: Yes | F12: No | G12: No | H12: =AxTable1[[#This Row],[Securable type]]&"|"&AxTable1[[#This Row],[AOT Name]]&"|"&AxTable1[[#This Row],[AccessLevel]] -> Menu item display|TRVCOSTTYPE|Write
A13: Menu item display | B13: TRVCOSTTYPERATES | D13: Write | E13: Yes | F13: No | G13: No | H13: =AxTable1[[#This Row],[Securable type]]&"|"&AxTable1[[#This Row],[AOT Name]]&"|"&AxTable1[[#This Row],[AccessLevel]] -> Menu item display|TRVCOSTTYPERATES|Write
... A20: Menu item action | B20: ITMCOSTESTIMATERECALCCONTROLLER | D20: Write | E20: Yes | F20: No | G20: No | H20: =AxTable1[[#This Row],[Securable type]]&"|"&AxTable1[[#This Row],[AOT Name]]&"|"&AxTable1[[#This Row],[AccessLevel]] -> Menu item action|ITMCOSTESTIMATERECALCCONTROLLER|Write

Sheet HR
A1: Securable type | B1: AOT Name | C1: AOT child name | D1: AccessLevel | E1: Entitled | F1: Not entitled | G1: Not required | H1: Key
A2: Menu item display | B2: COSTINVENTPARAMETERS | D2: Write | E2: Yes | F2: No | G2: No | H2: =AxTable14[[#This Row],[Securable type]]&"|"&AxTable14[[#This Row],[AOT Name]]&"|"&AxTable14[[#This Row],[AccessLevel]] -> Menu item display|COSTINVENTPARAMETERS|Write
A3: Menu item display | B3: HRMINJURYSETUP_COSTTYPE | D3: Write | E3: Yes | F3: No | G3: No | H3: =AxTable14[[#This Row],[Securable type]]&"|"&AxTable14[[#This Row],[AOT Name]]&"|"&AxTable14[[#This Row],[AccessLevel]] -> Menu item display|HRMINJURYSETUP_COSTTYPE|Write
A4: Menu item display | B4: JMGPAYADJUSTCOSTTYPE | D4: Write | E4: Yes | F4: No | G4: No | H4: =AxTable14[[#This Row],[Securable type]]&"|"&AxTable14[[#This Row],[AOT Name]]&"|"&AxTable14[[#This Row],[AccessLevel]] -> Menu item display|JMGPAYADJUSTCOSTTYPE|Write
A5: Menu item display | B5: RPAYCOSTTYPEUSE | D5: Write | E5: Yes | F5: No | G5: No | H5: =AxTable14[[#This Row],[Securable type]]&"|"&AxTable14[[#This Row],[AOT Name]]&"|"&AxTable14[[#This Row],[AccessLevel]] -> Menu item display|RPAYCOSTTYPEUSE|Write
A6: Menu item display | B6: TRVCOSTTYPE | D6: Write | E6: Yes | F6: No | G6: No | H6: =AxTable14[[#This Row],[Securable type]]&"|"&AxTable14[[#This Row],[AOT Name]]&"|"&AxTable14[[#This Row],[AccessLevel]] -> Menu item display|TRVCOSTTYPE|Write
A7: Menu item display | B7: TRVCOSTTYPERATES | D7: Write | E7: Yes | F7: No | G7: No | H7: =AxTable14[[#This Row],[Securable type]]&"|"&AxTable14[[#This Row],[AOT Name]]&"|"&AxTable14[[#This Row],[AccessLevel]] -> Menu item display|TRVCOSTTYPERATES|Write
A8: Menu item display | B8: TRVCOSTTYPESTATISTICS | D8: Write | E8: Yes | F8: No | G8: No | H8: =AxTable14[[#This Row],[Securable type]]&"|"&AxTable14[[#This Row],[AOT Name]]&"|"&AxTable14[[#This Row],[AccessLevel]] -> Menu item display|TRVCOSTTYPESTATISTICS|Write

Sheet SCM
A1: Securable type | B1: AOT Name | C1: AOT child name | D1: AccessLevel | E1: Entitled | F1: Not entitled | G1: Not required | H1: Key
A2: Menu item display | B2: COSTINVENTPARAMETERS | D2: Write | E2: Yes | F2: No | G2: No | H2: =AxTable15[[#This Row],[Securable type]]&"|"&AxTable15[[#This Row],[AOT Name]]&"|"&AxTable15[[#This Row],[AccessLevel]] -> Menu item display|COSTINVENTPARAMETERS|Write
A3: Menu item display | B3: COSTPRODPARAMETERS | D3: Write | E3: Yes | F3: No | G3: No | H3: =AxTable15[[#This Row],[Securable type]]&"|"&AxTable15[[#This Row],[AOT Name]]&"|"&AxTable15[[#This Row],[AccessLevel]] -> Menu item display|COSTPRODPARAMETERS|Write
A4: Menu item display | B4: COSTPRODPARAMETERSSITE | D4: Write | E4: Yes | F4: No | G4: No | H4: =AxTable15[[#This Row],[Securable type]]&"|"&AxTable15[[#This Row],[AOT Name]]&"|"&AxTable15[[#This Row],[AccessLevel]] -> Menu item display|COSTPRODPARAMETERSSITE|Write
A5: Menu item display | B5: ITMCOSTESTIMATETABLE | D5: Write | E5: Yes | F5: No | G5: No | H5: =AxTable15[[#This Row],[Securable type]]&"|"&AxTable15[[#This Row],[AOT Name]]&"|"&AxTable15[[#This Row],[AccessLevel]] -> Menu item display|ITMCOSTESTIMATETABLE|Write
A6: Menu item display | B6: ITMCOSTTEMPLATETABLE | D6: Write | E6: Yes | F6: No | G6: No | H6: =AxTable15[[#This Row],[Securable type]]&"|"&AxTable15[[#This Row],[AOT Name]]&"|"&AxTable15[[#This Row],[AccessLevel]] -> Menu item display|ITMCOSTTEMPLATETABLE|Write
A7: Menu item display | B7: ITMCOSTTYPEGROUP | D7: Write | E7: Yes | F7: No | G7: No | H7: =AxTable15[[#This Row],[Securable type]]&"|"&AxTable15[[#This Row],[AOT Name]]&"|"&AxTable15[[#This Row],[AccessLevel]] -> Menu item display|ITMCOSTTYPEGROUP|Write
A8: Menu item display | B8: ITMCOSTTYPEGROUP_INVENT | D8: Write | E8: Yes | F8: No | G8: No | H8: =AxTable15[[#This Row],[Securable type]]&"|"&AxTable15[[#This Row],[AOT Name]]&"|"&AxTable15[[#This Row],[AccessLevel]] -> Menu item display|ITMCOSTTYPEGROUP_INVENT|Write
A9: Menu item display | B9: ITMCOSTTYPEGROUP_VEND | D9: Write | E9: Yes | F9: No | G9: No | H9: =AxTable15[[#This Row],[Securable type]]&"|"&AxTable15[[#This Row],[AOT Name]]&"|"&AxTable15[[#This Row],[AccessLevel]] -> Menu item display|ITMCOSTTYPEGROUP_VEND|Write
A10: Menu item display | B10: ITMCOSTTYPETABLE | D10: Write | E10: Yes | F10: No | G10: No | H10: =AxTable15[[#This Row],[Securable type]]&"|"&AxTable15[[#This Row],[AOT Name]]&"|"&AxTable15[[#This Row],[AccessLevel]] -> Menu item display|ITMCOSTTYPETABLE|Write
A11: Menu item display | B11: PROJCOSTPRICEHOUR | D11: Write | E11: Yes | F11: No | G11: No | H11: =AxTable15[[#This Row],[Securable type]]&"|"&AxTable15[[#This Row],[AOT Name]]&"|"&AxTable15[[#This Row],[AccessLevel]] -> Menu item display|PROJCOSTPRICEHOUR|Write
A12: Menu item display | B12: PROJWORKERCOSTPRICEHOUR | D12: Write | E12: Yes | F12: No | G12: No | H12: =AxTable15[[#This Row],[Securable type]]&"|"&AxTable15[[#This Row],[AOT Name]]&"|"&AxTable15[[#This Row],[AccessLevel]] -> Menu item display|PROJWORKERCOSTPRICEHOUR|Write
A13: Menu item display | B13: RPAYCOSTTYPEUSE | D13: Write | E13: Yes | F13: No | G13: No | H13: =AxTable15[[#This Row],[Securable type]]&"|"&AxTable15[[#This Row],[AOT Name]]&"|"&AxTable15[[#This Row],[AccessLevel]] -> Menu item display|RPAYCOSTTYPEUSE|Write
... A25: Menu item action | B25: ITMUPDATEITEMCOSTFROMESTIMATE | D25: Write | E25: Yes | F25: No | G25: No | H25: =AxTable15[[#This Row],[Securable type]]&"|"&AxTable15[[#This Row],[AOT Name]]&"|"&AxTable15[[#This Row],[AccessLevel]] -> Menu item action|ITMUPDATEITEMCOSTFROMESTIMATE|Write
